 Dungeon Crawl Stone Soup version 0.30.1-4-g462c640d31 (webtiles) character file.

Game seed: 10687574529907470125

130 Arctor the Insei (level 5, -1/34 HPs)
             Began as an Octopode Transmuter on Aug 27, 2023.
             Slain by a gnoll
             ... wielding a +0 spear
             ... led by a gnoll bouda
              (7 damage)
             ... on level 6 of the Dungeon.
             The game lasted 00:02:24 (1542 turns).

Arctor the Insei (Octopode Transmuter)              Turns: 1542, Time: 00:02:24

Health: -1/34      AC:  1    Str: 10    XL:     5   Next: 13%
Magic:  9/9        EV: 13    Int: 17    God:
Gold:   134        SH:  0    Dex: 12    Spells: 5/9 levels left

rFire   . . .        f - +3 lajatang (vamp)
rCold   . . .        (shield currently unavailable)
rNeg    . . .        (helmet restricted)
rPois   .            d - amulet of regeneration
rElec   .            (no ring)
rCorr   .            (no ring)
SInv    .            (no ring)
Will    .....        (no ring)
Stlth   ++           (no ring)
HPRegen 1.05/turn    (no ring)
MPRegen 0.11/turn    (no ring)
                     (no ring)

%: no passive effects
@: weakened
A: almost no armour, amphibious, 8 rings, camouflage 1, gelatinous body 1,
(nimble swimmer 1), tentacles
a: no special abilities


You were on level 6 of the Dungeon.
You visited 1 branch of the dungeon, and saw 4 of its levels.

You collected 134 gold pieces.

Inventory:

Hand Weapons
 f - a +3 vampiric lajatang (weapon)
Jewellery
 d - an amulet of regeneration (around mantle)
Wands
 k - a wand of digging (6)
Scrolls
 g - 2 scrolls of identify {unknown}
 h - a scroll of teleportation {unknown}
 l - a scroll of vulnerability {unknown}
 m - a scroll of enchant armour {unknown}
Potions
 a - a potion of lignification
 b - 3 potions of flight {unknown}
 e - a potion of attraction {unknown}
 i - a potion of cancellation {unknown}
 j - 2 potions of curing


   Skills:
 + Level 2.2 Fighting
 + Level 2.9 Dodging
 + Level 3.6 Unarmed Combat
 + Level 2.7 Spellcasting
 + Level 2.8 Transmutations


You had 5 spell levels left.
You knew the following spells:

 Your Spells              Type           Power      Damage    Failure   Level
a - Beastly Appendage     Tmut           22%        N/A       5%          1
b - Spider Form           Tmut/Pois      7%         N/A       30%         3

Your spell library contained the following spells:

 Spells                   Type           Power      Damage    Failure   Level
 Wereblood                Tmut           11%        N/A       9%          2
 Freeze                   Ice            8%         1d3       19%         1
 Frozen Ramparts          Ice            4%         1d1       47%         3
 Hailstorm                Conj/Ice       2%         3d3       47%         3
 Ice Form                 Ice/Tmut       7%         N/A       69%         4


Dungeon Overview and Level Annotations

Branches:
Dungeon (3/15)

Altars:


Innate Abilities, Weirdness & Mutations

You cannot wear most types of armour.
You are amphibious.
You can wear up to eight rings at the same time.
Your skin changes colour to match your surroundings (Stealth+).
Your rubbery body absorbs attacks. (AC +1, EV +1)
((You are camouflaged when in or above water. (Stealth+)))
You have tentacles for arms and can constrict up to eight enemies at once.


Message History

A hound is nearby!
A gnoll comes into view. It is wielding a +0 halberd.
A gnoll is nearby!
A gnoll is nearby!
Found a black potion.
A gnoll bouda and 2 gnolls come into view.
A gnoll is wielding a +1 whip of freezing.
The gnoll shouts! x2; The gnoll bouda shouts!
The hound barks!
The gnoll misses you.
The gnoll bouda barks out a call to the hunt!
The gnolls pick up the pace!
The gnoll hits you from afar with a +0 halberd!
The gnoll hits you from afar with a +0 spear.
The gnoll bouda gazes fiercely through you!
You feel your attacks grow feeble. The hound attacks as you move away!
The hound bites you. The gnoll misses you. The hound bites you.
The hound attacks as you move away! The hound bites you.
The gnoll hits you from afar with a +0 spear.
The hound closely misses you. The hound attacks as you move away!
The hound closely misses you. The hound bites you. The gnoll misses you.
The hound attacks as you move away! The hound bites you.
Your attacks no longer feel as feeble.
The gnoll is no longer moving quickly.
The gnoll bouda barks out a call to the hunt!
The gnoll picks up the pace!
The hound bites you.
* * * LOW HITPOINT WARNING * * *
Okay, then.
Okay, then.
Okay, then.
The hound attacks as you move away! The hound closely misses you.
The gnoll bouda gazes fiercely through you!
You feel your attacks grow feeble. The hound attacks as you move away!
The hound bites you.
* * * LOW HITPOINT WARNING * * *
The gnoll hits you from afar with a +0 spear!
You die...

##..## #...# ##
##..## ###.#
##g.## .....##
##..## ##......
## #...# #.......
.. ##..##
#####.....# ..
##.g###.........#
##
##.gh@.........#
#.
#.....##......#
#.
##..#####......##
#. #..##
#........## #.
#.†# #.........##
#. ##.##
#..........###.
#..#
#<....##....##>
###########..#
##....##.....#.
........##..##
#...####......


You could see a hound and 2 gnolls.

Vanquished Creatures
  Ijyb (D:3)
  An iguana (D:6)
  3 adders
  A white imp (D:6)
  A worm (D:2)
  A dart slug (D:1)
  4 ball pythons
  A bat (D:2)
  4 endoplasms
  4 goblins
  4 hobgoblins
  3 jackals (D:2)
  4 kobolds
  3 frilled lizards
  6 rats
41 creatures vanquished.

Notes
Turn   | Place    | Note
-------+----------+-------------------------------------------
     0 | D:1      | Arctor the Octopode Transmuter began the quest for the Orb.
     0 | D:1      | Reached XP level 1. HP: 13/13 MP: 3/3
   249 | D:1      | Reached XP level 2. HP: 15/18 MP: 5/5
   680 | D:2      | Reached XP level 3. HP: 23/23 MP: 6/6
  1082 | D:3      | Noticed Ijyb
  1103 | D:3      | Reached XP level 4. HP: 15/29 MP: 7/7
  1113 | D:3      | Killed Ijyb
  1310 | D:3      | Learned a level 3 spell: Spider Form
  1342 | D:3      | You fall into a shaft and drop 3 floors!
  1346 | D:6      | Noticed a kobold brigand
  1346 | D:6      | Noticed a steam dragon
  1367 | D:6      | Identified a scroll of acquirement
  1367 | D:6      | Acquired a +2 vampiric lajatang
  1463 | D:6      | Reached XP level 5. HP: 24/34 MP: 7/9
  1542 | D:6      | Slain by a gnoll

Illustrated notes

Levels and vault maps discovered:
D:1:      co_arrival_random_square_maze, layout_basic, minmay_misc_feat_ornament
D:2:      layout_rooms
D:3:      layout_basic, uniq_ijyb
D:6:      layout_cave_pods, mainiacjoe_overflow_catwalk

Skill      XL: |  1  2  3  4 |
---------------+-------------+-----
Fighting       | 2 |  2.2
Dodging        | |  2.9
Unarmed Combat | |  3.6
Spellcasting   | |  2.7
Transmutations | |  2.8

Action                     |  1- 3 |  4- 6 || total
---------------------------+-------+-------++-------
  Melee: Unarmed           |    92 |    26 ||   118
         Constrict         |    21 |     5 ||    26
         Tentacles         |    18 |     2 ||    20
         Punch             |     2 |     1 ||     3
         Lajatang          |       |     8 ||     8
    Use: Potion            |     1 |       ||     1
         Scroll            |       |     3 ||     3
   Stab: Sleeping          |     5 |     3 ||     8
 Armour: Skin              |    14 |     9 ||    23
  Dodge: Dodged            |    51 |    20 ||    71
